[Event "ICC tourney 2315 (120 10)"]
[Site "Internet Chess Club"]
[Date "2021.01.18"]
[Round "5"]
[White "Goldenmaknae"]
[Black "WizardY"]
[Result "0-1"]
[ICCResult "White resigns"]
[WhiteElo "1891"]
[BlackElo "1709"]
[Opening "Grünfeld with Bf4 & e3"]
[ECO "D93"]
[NIC "GI.07"]
[Time "11:02:17"]
[PlyCount "78"]
[TimeControl "7200+10"]

1. d4 Nf6 2. c4 g6 3. Nc3 d5 4. Nf3 Bg7 5. Bf4 O-O 6. e3 c5 7. Be2 Nc6 8.
dxc5 Qa5 9. O-O dxc4 10. Bxc4 Qxc5 11. Bb3 Rd8 12. Qe1 b6 13. Rc1 Qb4 14.
Qe2 Na5 15. Nd2 Nxb3 16. Nxb3 Be6 17. Qb5 Qxb5 18. Nxb5 Nd5 19. Nc7 Nxc7
20. Rxc7 Bxb2 21. Rxe7 Bf6 22. Rc7 h5 23. f3 g5 24. Bg3 h4 25. Bf2 Be5 26.
Rc2 Rac8 27. Rxc8 Rxc8 28. f4 Bf6 29. fxg5 Bxg5 30. Rc1 Rxc1+ 31. Nxc1 Bc4
32. Nb3 a5 33. Nd4 Bxa2 34. Nf3 Bf6 35. e4 b5 36. e5 Be7 37. Nd4 b4 38. Nc6
Bg5 39. Nxa5 Bd8 { White resigns } 0-1

[Event "ICC tourney 2315 (120 10)"]
[Site "Internet Chess Club"]
[Date "2021.01.18"]
[Round "5"]
[White "geowhiz27"]
[Black "bonnelleo1"]
[Result "1/2-1/2"]
[ICCResult "Game drawn by mutual agreement"]
[WhiteElo "1667"]
[BlackElo "1871"]
[Opening "French: advance variation"]
[ECO "C02"]
[NIC "FR.03"]
[Time "11:02:13"]
[PlyCount "62"]
[TimeControl "7200+10"]

1. e4 e6 2. d4 d5 3. e5 b6 4. c3 Qd7 5. f4 Ne7 6. Nf3 Ba6 7. Bxa6 Nxa6 8.
O-O g6 9. Nh4 Nf5 10. Nxf5 gxf5 11. b4 c6 12. Qd3 Nc7 13. a4 a6 14. Nd2 Rg8
15. Ba3 Rg6 16. c4 dxc4 17. Nxc4 Nd5 18. Qd2 b5 19. Nb2 Qa7 20. Rac1 Kd7
21. Kh1 Rc8 22. a5 Be7 23. Nd3 Qxd4 24. Bb2 Qa7 25. Nc5+ Bxc5 26. Rxc5 Ke8
27. Bd4 Qd7 28. Rc2 Ne7 29. Qe3 Nd5 30. Qd2 Ne7 31. Qe3 Nd5 { Game drawn by
mutual agreement } 1/2-1/2

[Event "ICC tourney 2315 (120 10)"]
[Site "Internet Chess Club"]
[Date "2021.01.18"]
[Round "5"]
[White "sunnyjingxu"]
[Black "mnm2"]
[Result "1-0"]
[ICCResult "Black resigns"]
[WhiteElo "1711"]
[BlackElo "1526"]
[Opening "Sicilian: closed"]
[ECO "B23"]
[NIC "SI.44"]
[Time "11:02:46"]
[PlyCount "74"]
[TimeControl "7200+10"]

1. e4 c5 2. Nc3 d6 3. g3 Nc6 4. Bg2 e5 5. Nge2 Nf6 6. d3 h6 7. h3 Be7 8. f4
Bd7 9. b3 Nd4 10. Bb2 O-O 11. Qd2 a5 12. f5 b5 13. Nxd4 cxd4 14. Ne2 b4 15.
O-O Rc8 16. a3 Qc7 17. Nc1 Qxc2 18. Rf2 Qxd2 19. Rxd2 d5 20. axb4 Bxb4 21.
Rd1 Rc2 22. Ba3 Bxa3 23. Rxa3 Rfc8 24. Ra1 dxe4 25. dxe4 R8c3 26. Nd3 Bb5
27. Ne1 Re2 28. Rxa5 Bc6 29. Rxe5 Nxe4 30. g4 Rg3 31. b4 Nc3 32. Rxe2 Nxe2+
33. Kf1 Bb5 34. Kf2 Rb3 35. Bf1 Rxb4 36. Bxe2 Rb2 37. Nd3 Ba4 { Black
resigns } 1-0

[Event "ICC tourney 2315 (120 10)"]
[Site "Internet Chess Club"]
[Date "2021.01.18"]
[Round "6"]
[White "gmcarebear999"]
[Black "HarleyQueen8"]
[Result "1/2-1/2"]
[ICCResult "Game drawn by mutual agreement"]
[WhiteElo "1834"]
[BlackElo "1858"]
[Opening "QGA: classical, Rubinstein variation"]
[ECO "D27"]
[NIC "QG.07"]
[Time "16:17:24"]
[PlyCount "59"]
[TimeControl "7200+10"]

1. d4 d5 2. c4 dxc4 3. e3 Nf6 4. Bxc4 e6 5. Nf3 c5 6. O-O a6 7. a4 Nc6 8.
Nc3 Be7 9. Re1 O-O 10. h3 cxd4 11. exd4 Nb4 12. Bg5 Nfd5 13. Nxd5 Nxd5 14.
Bxe7 Nxe7 15. Rc1 Bd7 16. Ne5 Rc8 17. Qb3 Rc7 18. Bd3 Bc6 19. Red1 Bd5 20.
Bc4 Qd6 21. Bxd5 Nxd5 22. Rxc7 Qxc7 23. Nd3 b6 24. Rc1 Qb8 25. Nb4 Nxb4 26.
Qxb4 Rc8 27. Rxc8+ Qxc8 28. Qxb6 Qc1+ 29. Kh2 Qf4+ 30. Kg1 { Game drawn by
mutual agreement } 1/2-1/2

[Event "ICC tourney 2315 (120 10)"]
[Site "Internet Chess Club"]
[Date "2021.01.18"]
[Round "6"]
[White "AJ2000"]
[Black "ChessPlayer2005"]
[Result "1/2-1/2"]
[ICCResult "Game drawn by mutual agreement"]
[WhiteElo "1710"]
[BlackElo "1858"]
[Opening "Ruy Lopez: 5.O-O"]
[ECO "C78"]
[NIC "RL.12"]
[Time "16:17:19"]
[PlyCount "69"]
[TimeControl "7200+10"]

1. e4 e5 2. Nf3 Nc6 3. Bb5 a6 4. Ba4 Nf6 5. O-O b5 6. Bb3 Bc5 7. c3 d6 8.
a4 Bb7 9. d4 Bb6 10. Be3 O-O 11. Nbd2 h6 12. Re1 Ng4 13. Nf1 Qf6 14. d5
Nxe3 15. Nxe3 Ne7 16. a5 Bc5 17. g3 Bc8 18. Kg2 Qg6 19. Bc2 b4 20. c4 Qh5
21. Nh4 Qg5 22. Nf3 Qh5 23. Nh4 Qxd1 24. Raxd1 g6 25. f4 f6 26. f5 g5 27.
Nf3 h5 28. g4 h4 29. h3 Rb8 30. b3 Kg7 31. Re2 Ng8 32. Ne1 Bd4 33. Nd3 Nh6
34. Rc1 Nf7 35. Bd1 { Game drawn by mutual agreement } 1/2-1/2

[Event "ICC tourney 2315 (120 10)"]
[Site "Internet Chess Club"]
[Date "2021.01.18"]
[Round "6"]
[White "VianYang"]
[Black "MysteryHunter"]
[Result "0-1"]
[ICCResult "White resigns"]
[WhiteElo "1620"]
[BlackElo "1743"]
[Opening "Nimzo-Indian: classical variation"]
[ECO "E32"]
[NIC "NI.20"]
[Time "16:17:24"]
[PlyCount "68"]
[TimeControl "7200+10"]

1. d4 Nf6 2. c4 e6 3. Nc3 Bb4 4. Qc2 O-O 5. a3 Bxc3+ 6. Qxc3 d5 7. Bg5 Nbd7
8. e3 h6 9. Bh4 c6 10. Nf3 Re8 11. Ne5 Qc7 12. Bg3 Nxe5 13. Bxe5 Qd8 14. b4
Bd7 15. c5 Ne4 16. Qb2 Qe7 17. Bd3 Nf6 18. O-O Bc8 19. Rfc1 Nd7 20. Bd6 Qg5
21. f4 Qd8 22. Rab1 Kh8 23. Qc3 Rg8 24. Bc2 g5 25. Qd3 f5 26. g3 gxf4 27.
exf4 Kh7 28. Be5 Nxe5 29. fxe5 Qg5 30. Kh1 Bd7 31. Rg1 h5 32. Rbf1 Rg7 33.
Rf4 Rag8 34. Rh4 Qxh4 { White resigns } 0-1

[Event "ICC tourney 2315 (120 10)"]
[Site "Internet Chess Club"]
[Date "2021.01.18"]
[Round "6"]
[White "DanielA1926"]
[Black "Deveshc"]
[Result "1-0"]
[ICCResult "Black checkmated"]
[WhiteElo "1771"]
[BlackElo "1529"]
[Opening "QGA: 4...e6"]
[ECO "D26"]
[NIC "QG.08"]
[Time "16:17:12"]
[PlyCount "67"]
[TimeControl "7200+10"]

1. d4 d5 2. Nf3 Nf6 3. c4 dxc4 4. e3 e6 5. Bxc4 a6 6. O-O b5 7. Bb3 Bb7 8.
Nbd2 Nbd7 9. Ne5 c5 10. Nxd7 Qxd7 11. Nf3 c4 12. Bc2 Bd6 13. Ne5 Qc7 14. f4
O-O 15. Bd2 Nd5 16. Rc1 b4 17. Nxc4 Nf6 18. Nxd6 Qxd6 19. Bb1 a5 20. Be1
Nd5 21. e4 Ne3 22. Qd3 Ba6 23. Qxe3 Bxf1 24. Kxf1 Rfd8 25. Rd1 Rac8 26. e5
Qd5 27. f5 Qc4+ 28. Kg1 Qd5 29. Bh4 Re8 30. f6 Qd8 31. Qg5 Qxf6 32. exf6 g6
33. Qh6 Rc2 34. Qg7# { Black checkmated } 1-0

[Event "ICC tourney 2315 (120 10)"]
[Site "Internet Chess Club"]
[Date "2021.01.18"]
[Round "6"]
[White "pracheth18"]
[Black "alexdora"]
[Result "1-0"]
[ICCResult "Black resigns"]
[WhiteElo "1733"]
[BlackElo "1950"]
[Opening "Queen's pawn, Mason variation"]
[ECO "D00"]
[NIC "QP.08"]
[Time "16:17:25"]
[PlyCount "101"]
[TimeControl "7200+10"]

1. d4 d5 2. Bf4 e6 3. e3 Bd6 4. Bg3 Nf6 5. Nf3 Ne4 6. c4 c6 7. Bd3 f5 8.
Nbd2 O-O 9. O-O Bxg3 10. hxg3 Nd7 11. Qc2 Rf6 12. Ne5 Nxe5 13. dxe5 Rh6 14.
Bxe4 fxe4 15. f4 exf3 16. Nxf3 Qe7 17. Rad1 Rg6 18. Kf2 Rg4 19. Rd4 Rxd4
20. exd4 Bd7 21. cxd5 exd5 22. Rh1 g6 23. a3 Rf8 24. b4 b6 25. Re1 Qe8 26.
Qa4 a5 27. bxa5 bxa5 28. Qxa5 Qb8 29. e6 Qb2+ 30. Kg1 Be8 31. e7 Rxf3 32.
gxf3 Qxd4+ 33. Kg2 Qb2+ 34. Kf1 Qh2 35. Qa8 Qh1+ 36. Kf2 Qh2+ 37. Ke3 Kf7
38. Qb8 Qh6+ 39. Qf4+ Qxf4+ 40. Kxf4 h6 41. a4 g5+ 42. Ke5 Kxe7 43. a5 Kd7
44. a6 Kc7 45. Rb1 c5 46. a7 Bc6 47. f4 gxf4 48. gxf4 c4 49. f5 c3 50. f6
c2 51. Rc1 { Black resigns } 1-0

[Event "ICC tourney 2315 (120 10)"]
[Site "Internet Chess Club"]
[Date "2021.01.18"]
[Round "6"]
[White "JunlinTheWorld"]
[Black "joeandjoe56"]
[Result "1-0"]
[ICCResult "Black resigns"]
[WhiteElo "1837"]
[BlackElo "1722"]
[Opening "English opening"]
[ECO "A15"]
[NIC "EO.64"]
[Time "16:17:30"]
[PlyCount "49"]
[TimeControl "7200+10"]

1. c4 Nf6 2. Nf3 g6 3. g3 Bg7 4. Bg2 O-O 5. O-O d5 6. cxd5 Nxd5 7. Nc3 c5
8. Nxd5 Qxd5 9. d3 Nc6 10. Be3 Qh5 11. Nd2 Bxb2 12. Rb1 Bd4 13. Bf3 Qe5 14.
Bh6 Rd8 15. Qa4 g5 16. Bxc6 bxc6 17. Nf3 Qxe2 18. Nxd4 cxd4 19. Rbe1 Qh5
20. Qxc6 Bh3 21. Rxe7 Rac8 22. Rfe1 Be6 23. R1xe6 Qxh6 24. Rxh6 Rxc6 25.
Rxc6 { Black resigns } 1-0

[Event "ICC tourney 2315 (120 10)"]
[Site "Internet Chess Club"]
[Date "2021.01.18"]
[Round "6"]
[White "bonnelleo1"]
[Black "awakeflood"]
[Result "1/2-1/2"]
[ICCResult "Game drawn by mutual agreement"]
[WhiteElo "1871"]
[BlackElo "1804"]
[Opening "Queen's pawn, Mason variation"]
[ECO "D00"]
[NIC "QP.08"]
[Time "16:17:12"]
[PlyCount "52"]
[TimeControl "7200+10"]

1. d4 d5 2. Bf4 Nf6 3. e3 c5 4. Nf3 Nc6 5. c3 Qb6 6. Qc2 g6 7. Nbd2 Bf5 8.
dxc5 Qxc5 9. Qb3 b6 10. Ne5 Nxe5 11. Bxe5 Bd7 12. Nf3 Bg7 13. Bd4 Qa5 14.
a4 O-O 15. Ne5 a6 16. Qxb6 Qxb6 17. Bxb6 Rfb8 18. a5 Bb5 19. Bxb5 axb5 20.
Ke2 Ne4 21. Bd4 b4 22. cxb4 Rxb4 23. f3 Bxe5 24. Bxe5 Nd6 25. Bxd6 Rxb2+
26. Kd3 exd6 { Game drawn by mutual agreement } 1/2-1/2

[Event "ICC tourney 2315 (120 10)"]
[Site "Internet Chess Club"]
[Date "2021.01.18"]
[Round "6"]
[White "nikhilthota"]
[Black "ybabji"]
[Result "0-1"]
[ICCResult "White resigns"]
[WhiteElo "1844"]
[BlackElo "1873"]
[Opening "Réti accepted"]
[ECO "D26"]
[NIC "RE.19"]
[Time "16:17:07"]
[PlyCount "156"]
[TimeControl "7200+10"]

1. Nf3 d5 2. c4 dxc4 3. e3 e6 4. Bxc4 Nf6 5. d4 a6 6. Nc3 b5 7. Bb3 Bb7 8.
O-O Nbd7 9. a3 c5 10. Re1 Bd6 11. e4 cxd4 12. Qxd4 Bc5 13. Qd3 Qb6 14. Be3
Ng4 15. Rad1 O-O 16. Bd4 Rad8 17. h3 Bxd4 18. Nxd4 Nde5 19. Qd2 Nc6 20.
hxg4 Rxd4 21. Qg5 Rfd8 22. Rxd4 Nxd4 23. Rd1 Qc7 24. Nd5 Ne2+ 25. Kf1 exd5
26. Kxe2 d4 27. Qc1 Qe5 28. f3 h6 29. Kf2 Rd7 30. Rd2 Qe7 31. g3 Rd8 32.
Qc2 a5 33. Qd3 Qd7 34. Rc2 a4 35. Ba2 h5 36. Rc5 hxg4 37. Qxb5 Qxb5 38.
Rxb5 d3 39. Bb1 d2 40. Bc2 Bc6 41. Rc5 d1=Q 42. Bxd1 Rxd1 43. Rxc6 Rd2+ 44.
Ke3 Rxb2 45. fxg4 Rb3+ 46. Kf4 Rxa3 47. Rc8+ Kh7 48. Ra8 Ra1 49. Ra7 Kh6
50. g5+ Kh5 51. g4+ Kh4 52. e5 g6 53. e6 Rf1+ 54. Ke5 fxe6 55. Rxa4 Kxg5
56. Kxe6 Rf4 57. Ra1 Kxg4 58. Rg1+ Kh5 59. Rh1+ Rh4 60. Rd1 g5 61. Kf5 Rh2
62. Rg1 Rf2+ 63. Ke4 g4 64. Ke3 Rf3+ 65. Ke2 Kh4 66. Ra1 Kh3 67. Ra4 Rf5
68. Ra8 g3 69. Rg8 g2 70. Rg6 Kh2 71. Rh6+ Kg1 72. Ke1 Re5+ 73. Kd2 Kf2 74.
Rf6+ Kg3 75. Rg6+ Kf3 76. Kd3 Re3+ 77. Kc4 Re4+ 78. Kd3 Rg4 { White resigns
} 0-1

[Event "ICC tourney 2315 (120 10)"]
[Site "Internet Chess Club"]
[Date "2021.01.18"]
[Round "6"]
[White "VincentT2008"]
[Black "fleshlumpeater"]
[Result "1/2-1/2"]
[ICCResult "Game drawn by mutual agreement"]
[WhiteElo "1726"]
[BlackElo "1966"]
[Opening "Dutch with c4 & Nc3"]
[ECO "A85"]
[NIC "HD.05"]
[Time "16:17:17"]
[PlyCount "116"]
[TimeControl "7200+10"]

1. d4 f5 2. c4 Nf6 3. Nc3 e6 4. g3 d5 5. Bg2 c6 6. Nf3 Bd6 7. O-O O-O 8. b3
Nbd7 9. Bb2 b6 10. Qc2 Ba6 11. Nd2 Bb7 12. f3 c5 13. Nb5 Bb8 14. dxc5 bxc5
15. e3 a6 16. Nc3 Qe7 17. Rfe1 Bd6 18. Rad1 h5 19. cxd5 Nxd5 20. Nc4 Bc7
21. Nxd5 exd5 22. f4 Nf6 23. Bxf6 Rxf6 24. Bxd5+ Bxd5 25. Rxd5 h4 26. Rxf5
hxg3 27. hxg3 Rh6 28. Kg2 g6 29. Rg5 Qh7 30. Kf3 Bd8 31. Re5 Bf6 32. Qe4
Rf8 33. Re8 Rh1 34. Rxf8+ Kxf8 35. Qa8+ Kf7 36. Qd5+ Kf8 37. Qxc5+ Be7 38.
Qc8+ Kg7 39. Rxh1 Qxh1+ 40. Ke2 Qg2+ 41. Kd3 Qd5+ 42. Kc2 Qe4+ 43. Kc1 Qh1+
44. Kb2 Qg2+ 45. Kc3 Qxa2 46. Qc7 Qa1+ 47. Kc2 Qa2+ 48. Nb2 Kf8 49. Qc8+
Kg7 50. Qd7 Kf8 51. Qa4 Ba3 52. Qd4 Kf7 53. e4 Qa1 54. e5 Qe1 55. Qc4+ Kg7
56. Nd1 Qxg3 57. e6 Qg2+ 58. Kb1 Qd2 { Game drawn by mutual agreement }
1/2-1/2

[Event "ICC tourney 2315 (120 10)"]
[Site "Internet Chess Club"]
[Date "2021.01.18"]
[Round "6"]
[White "TheSuperKing"]
[Black "Ethan719"]
[Result "0-1"]
[ICCResult "White resigns"]
[WhiteElo "1686"]
[BlackElo "1826"]
[Opening "Sicilian: Kan, 5.Nc3"]
[ECO "B43"]
[NIC "SI.41"]
[Time "16:17:24"]
[PlyCount "66"]
[TimeControl "7200+10"]

1. e4 c5 2. Nf3 e6 3. d4 cxd4 4. Nxd4 a6 5. Nc3 Qc7 6. a3 b5 7. Bd2 Bb7 8.
Bd3 Nf6 9. O-O Nc6 10. Nb3 d6 11. Na2 Ne5 12. Qe2 Be7 13. Ba5 Qd7 14. Nb4
O-O 15. f4 Nxd3 16. cxd3 e5 17. f5 d5 18. Nd2 dxe4 19. Nxe4 Bxe4 20. dxe4
Qd4+ 21. Kh1 Qxe4 22. Qxe4 Nxe4 23. Rae1 Nd6 24. Rxe5 Bf6 25. Re2 Bxb2 26.
Bc7 Nc4 27. a4 bxa4 28. Rf4 Rfe8 29. Rfe4 Kf8 30. Nd3 a3 31. Nb4 Rxe4 32.
Rxe4 Re8 33. Rxe8+ Kxe8 { White resigns } 0-1

[Event "ICC tourney 2315 (120 10)"]
[Site "Internet Chess Club"]
[Date "2021.01.18"]
[Round "6"]
[White "bg26723"]
[Black "sunnyjingxu"]
[Result "1-0"]
[ICCResult "Black resigns"]
[WhiteElo "1917"]
[BlackElo "1711"]
[Opening "Giuoco Piano"]
[ECO "C54"]
[NIC "IG.02"]
[Time "16:17:11"]
[PlyCount "57"]
[TimeControl "7200+10"]

1. e4 e5 2. Nf3 Nc6 3. Bc4 Bc5 4. c3 Nf6 5. d4 exd4 6. e5 Ng4 7. cxd4 Bb4+
8. Nc3 d6 9. exd6 Qxd6 10. O-O O-O 11. Nb5 Qd8 12. h3 Nf6 13. a3 Bd6 14.
Re1 a6 15. Nxd6 Qxd6 16. Bg5 Rd8 17. Ne5 Rf8 18. Nxf7 Qxd4 19. Qc2 Rxf7 20.
Bxf6 gxf6 21. Bxf7+ Kxf7 22. Qxh7+ Kf8 23. Qh8+ Kf7 24. Re8 f5 25. Qg8+ Kf6
26. Rae1 Ne5 27. R8xe5 Qxe5 28. Qh8+ Kf7 29. Rxe5 { Black resigns } 1-0

[Event "ICC tourney 2315 (120 10)"]
[Site "Internet Chess Club"]
[Date "2021.01.18"]
[Round "6"]
[White "kittycat35"]
[Black "Goldenmaknae"]
[Result "1/2-1/2"]
[ICCResult "Game drawn by mutual agreement"]
[WhiteElo "1696"]
[BlackElo "1891"]
[Opening "Ruy Lopez: classical (Cordel) defense"]
[ECO "C64"]
[NIC "RL.01"]
[Time "16:17:13"]
[PlyCount "53"]
[TimeControl "7200+10"]

1. e4 e5 2. Nf3 Nc6 3. Bb5 Bc5 4. O-O Nge7 5. Re1 d6 6. c3 Bg4 7. h3 Bh5 8.
d3 a6 9. Ba4 O-O 10. g4 Bg6 11. d4 Ba7 12. Bc2 Qc8 13. d5 Nb8 14. Nh4 Nd7
15. Nf5 Qd8 16. Qf3 f6 17. Kh2 Kf7 18. h4 h6 19. Nd2 Rh8 20. Rg1 b5 21. a4
Qb8 22. Qe2 b4 23. Nb3 bxc3 24. bxc3 Bb6 25. Rb1 Qa7 26. Rg2 a5 27. Bd2 {
Game drawn by mutual agreement } 1/2-1/2

[Event "ICC tourney 2315 (120 10)"]
[Site "Internet Chess Club"]
[Date "2021.01.18"]
[Round "6"]
[White "WizardY"]
[Black "chessisthebest1"]
[Result "1-0"]
[ICCResult "Black resigns"]
[WhiteElo "1709"]
[BlackElo "1812"]
[Opening "Sicilian: Najdorf, 7.f4"]
[ECO "B96"]
[NIC "SI.04"]
[Time "16:17:12"]
[PlyCount "81"]
[TimeControl "7200+10"]

1. e4 c5 2. Nf3 d6 3. d4 cxd4 4. Nxd4 Nf6 5. Nc3 a6 6. Bg5 e6 7. f4 h6 8.
Bh4 Qb6 9. a3 Be7 10. Bf2 Qc7 11. Qf3 Nbd7 12. O-O-O Nc5 13. g4 g6 14. h4
e5 15. f5 exd4 16. Bxd4 gxf5 17. exf5 Qc6 18. Qe2 d5 19. Bxf6 Qxf6 20. Nxd5
Qd6 21. Re1 Be6 22. Nxe7 Qf4+ 23. Kb1 Kxe7 24. Rh3 a5 25. Re3 Ra6 26. Qd2
Rd8 27. Rxe6+ Rxe6 28. Qxf4 Rxe1+ 29. Ka2 Rd6 30. g5 hxg5 31. hxg5 b6 32.
f6+ Kd7 33. Bb5+ Kc7 34. g6 fxg6 35. f7 Ne6 36. Qf6 Red1 37. Qe7+ Kb8 38.
Qxe6 Rxe6 39. f8=Q+ Kc7 40. Qf7+ Kd6 41. Qd7+ { Black resigns } 1-0

[Event "ICC tourney 2315 (120 10)"]
[Site "Internet Chess Club"]
[Date "2021.01.18"]
[Round "6"]
[White "FL2009"]
[Black "Boldmann"]
[Result "1/2-1/2"]
[ICCResult "Game drawn by mutual agreement"]
[WhiteElo "1863"]
[BlackElo "1756"]
[Opening "French: exchange variation"]
[ECO "C01"]
[NIC "FR.01"]
[Time "16:18:02"]
[PlyCount "84"]
[TimeControl "7200+10"]

1. e4 e6 2. d4 d5 3. exd5 exd5 4. Nf3 Bd6 5. c4 dxc4 6. Bxc4 Nf6 7. O-O O-O
8. h3 Nbd7 9. Nc3 Nb6 10. Bb3 c6 11. Re1 h6 12. Bd2 Nbd5 13. Nxd5 Nxd5 14.
Ne5 Be6 15. Rc1 Nc7 16. Ba5 Bxe5 17. Rxe5 Bxb3 18. Qxb3 b6 19. Bc3 Nd5 20.
Rce1 Qd7 21. Qc2 Rfe8 22. Qe4 Rxe5 23. Qxe5 Kf8 24. Kf1 Re8 25. Qxe8+ Qxe8
26. Rxe8+ Kxe8 27. Ke2 Kd7 28. Kf3 f5 29. g4 Ke6 30. Bd2 b5 31. Ke2 fxg4
32. hxg4 Nf6 33. g5 hxg5 34. Bxg5 Ne4 35. Be3 Kd5 36. Kd3 a5 37. b3 a4 38.
f3 Nd6 39. Bf2 g6 40. bxa4 bxa4 41. Kc3 Nb5+ 42. Kd3 Nd6 { Game drawn by
mutual agreement } 1/2-1/2

[Event "ICC tourney 2315 (120 10)"]
[Site "Internet Chess Club"]
[Date "2021.01.18"]
[Round "6"]
[White "aauman"]
[Black "FlowingMelody"]
[Result "1-0"]
[ICCResult "Black resigns"]
[WhiteElo "1534"]
[BlackElo "1356"]
[Opening "Catalan: closed, 5.Nf3"]
[ECO "E06"]
[NIC "CA.04"]
[Time "16:17:10"]
[PlyCount "81"]
[TimeControl "7200+10"]

1. d4 d5 2. c4 e6 3. Nf3 Be7 4. g3 Nf6 5. Bg2 O-O 6. O-O b6 7. cxd5 exd5 8.
Nc3 Bb7 9. a4 c5 10. Bf4 Nc6 11. dxc5 bxc5 12. Qb3 Na5 13. Qc2 Qb6 14. Nb5
Rac8 15. Bh3 Rce8 16. Bc7 Qa6 17. Be5 Qb6 18. Bc7 Qa6 19. Ng5 h6 20. Nf3
Bc6 21. Bf4 Bxb5 22. axb5 Qxb5 23. Bc7 Nc6 24. Ne5 Nxe5 25. Bxe5 Qb6 26.
Bc3 Ne4 27. Ba5 Qb7 28. Ra4 Nf6 29. Rfa1 Ra8 30. Bd2 Rfb8 31. R1a2 c4 32.
Bg2 Qd7 33. Ra6 Rc8 34. h3 Bd6 35. Bc3 Be7 36. Bd4 Rc7 37. Qa4 Qxa4 38.
R2xa4 Rb7 39. Bxf6 Bxf6 40. Bxd5 Rxb2 41. Bxa8 { Black resigns } 1-0

[Event "ICC tourney 2315 (120 10)"]
[Site "Internet Chess Club"]
[Date "2021.01.18"]
[Round "6"]
[White "davika21"]
[Black "Niteshc"]
[Result "1-0"]
[ICCResult "Black resigns"]
[WhiteElo "1898"]
[BlackElo "1672"]
[Opening "Caro-Kann: Tartakower (Nimzovich) variation"]
[ECO "B15"]
[NIC "CK.06"]
[Time "16:17:10"]
[PlyCount "95"]
[TimeControl "7200+10"]

1. e4 c6 2. d4 d5 3. Nc3 dxe4 4. Nxe4 Nf6 5. Nxf6+ exf6 6. Nf3 Bd6 7. Bd3
O-O 8. O-O Bg4 9. h3 Bh5 10. c4 Re8 11. b3 Nd7 12. Be3 Nf8 13. Re1 Kh8 14.
Be2 Ne6 15. Nh4 Bg6 16. Nxg6+ hxg6 17. d5 cxd5 18. Qxd5 Qc7 19. Bf3 Re7 20.
Qd2 Rd8 21. Qc2 f5 22. Rad1 f4 23. Bc1 Nd4 24. Rxe7 Nxf3+ 25. gxf3 Qxe7 26.
Qe4 Qg5+ 27. Kh2 Kh7 28. Rd5 Qh4 29. Qe2 b6 30. Kg2 f5 31. Qd2 Qg5+ 32. Kh2
Qh4 33. Bb2 Bb4 34. Qd4 Rg8 35. Rd7 Qh6 36. a3 Bc5 37. Qd2 Qh4 38. Bd4 Bxd4
39. Qxd4 g5 40. Rf7 g4 41. fxg4 fxg4 42. Qd3+ Kh8 43. Rxf4 Rd8 44. Qe3 Qh6
45. Qg3 Rd3 46. Rf8+ Kh7 47. Qxd3+ Qg6 48. Rh8+ { Black resigns } 1-0

[Event "ICC tourney 2315 (120 10)"]
[Site "Internet Chess Club"]
[Date "2021.01.18"]
[Round "6"]
[White "Sricharan07"]
[Black "clair"]
[Result "1/2-1/2"]
[ICCResult "Game drawn by mutual agreement"]
[WhiteElo "1877"]
[BlackElo "1681"]
[Opening "Robatsch (modern) defense"]
[ECO "B06"]
[NIC "KF.05"]
[Time "16:17:09"]
[PlyCount "111"]
[TimeControl "7200+10"]

1. e4 g6 2. d4 Bg7 3. Nf3 e6 4. Be2 Ne7 5. O-O O-O 6. Be3 b6 7. c4 d5 8.
Nc3 dxe4 9. Nxe4 h6 10. Nc3 Bb7 11. Qc2 Nf5 12. Rad1 Nd7 13. Rd2 Re8 14.
Ne4 Qe7 15. Ng3 Nxe3 16. fxe3 e5 17. Rdd1 e4 18. Nd2 Qg5 19. Qb3 c5 20. d5
f5 21. Rfe1 Be5 22. Ngf1 h5 23. Qc2 Qh4 24. Rb1 Bd6 25. Rec1 Ne5 26. Qd1
Ng4 27. Bxg4 hxg4 28. Qe1 Qg5 29. g3 Kf7 30. Qf2 Qe7 31. Rc2 Rh8 32. Nb3
Rh3 33. Nc1 Rah8 34. Ne2 Bc8 35. Rd1 R3h7 36. Rcd2 Ba6 37. b3 Bc8 38. Nc3
a6 39. a4 Qe5 40. Rc1 Kg7 41. Ra2 a5 42. Nb5 Bb8 43. Rd2 Bd7 44. Qe1 Bxb5
45. axb5 Bd6 46. Rg2 Qe7 47. Nd2 Rc8 48. Nb1 Ra8 49. Nc3 Qc7 50. Rcc2 Rah8
51. Ne2 Qe7 52. Qf2 Qf6 53. Ra2 g5 54. Qe1 Rh3 55. Qf1 Kg6 56. Qe1 { Game
drawn by mutual agreement } 1/2-1/2

[Event "ICC tourney 2315 (120 10)"]
[Site "Internet Chess Club"]
[Date "2021.01.18"]
[Round "6"]
[White "TigerSahi"]
[Black "mnm1"]
[Result "1-0"]
[ICCResult "Black checkmated"]
[WhiteElo "1662"]
[BlackElo "1508"]
[Opening "QGD: exchange variation"]
[ECO "D35"]
[NIC "QO.16"]
[Time "16:17:11"]
[PlyCount "83"]
[TimeControl "7200+10"]

1. d4 Nf6 2. c4 e6 3. Nc3 d5 4. cxd5 Nxd5 5. e4 Nxc3 6. bxc3 c5 7. Bc4 Nc6
8. Nf3 cxd4 9. cxd4 Bb4+ 10. Bd2 Bxd2+ 11. Qxd2 O-O 12. O-O a6 13. Rac1 Ne7
14. Rc2 b5 15. Bd3 Bb7 16. Rfc1 Rc8 17. Rxc8 Nxc8 18. Rc3 Nd6 19. Qc2 h6
20. Nd2 Qa5 21. e5 Rc8 22. Rxc8+ Nxc8 23. h3 Ne7 24. Nb3 Qd8 25. Nc5 Bc6
26. Qc3 Nd5 27. Qa3 Nf4 28. Qxa6 Bxg2 29. Qxb5 Bxh3 30. Be4 Qg5+ 31. Kh2 g6
32. Qe8+ Kg7 33. Nd7 Nh5 34. Qf8+ Kh7 35. Qxf7+ Kh8 36. Nf6 Nxf6 37. exf6
Qf4+ 38. Kxh3 Qxf6 39. Qxf6+ Kg8 40. Bxg6 e5 41. Qf7+ Kh8 42. Qh7# { Black
checkmated } 1-0

[Event "ICC tourney 2315 (120 10)"]
[Site "Internet Chess Club"]
[Date "2021.01.18"]
[Round "6"]
[White "imranchamp"]
[Black "Han366"]
[Result "1-0"]
[ICCResult "Black resigns"]
[WhiteElo "1826"]
[BlackElo "1700"]
[Opening "French: Winawer (Nimzovich) variation"]
[ECO "C15"]
[NIC "FR.08"]
[Time "16:17:17"]
[PlyCount "103"]
[TimeControl "7200+10"]

1. e4 e6 2. d4 d5 3. Nc3 Bb4 4. exd5 exd5 5. Bd3 Nf6 6. Bg5 c6 7. Nf3 O-O
8. O-O Bg4 9. h3 Bh5 10. g4 Bg6 11. Bxg6 hxg6 12. Re1 Bxc3 13. bxc3 Qd6 14.
Nd2 Nbd7 15. Rb1 b6 16. Bh4 c5 17. Bg3 Qc6 18. dxc5 Qxc5 19. Qf3 Rfe8 20.
Qd3 Rac8 21. Rxe8+ Rxe8 22. c4 Ne5 23. Bxe5 Rxe5 24. Rb5 Re1+ 25. Kg2 Qe7
26. cxd5 Ne4 27. Nxe4 Qxe4+ 28. Qxe4 Rxe4 29. Rb3 Rd4 30. Rd3 Rxd3 31. cxd3
Kf8 32. Kf3 Ke7 33. Ke4 b5 34. f4 Kd6 35. Kd4 f6 36. a3 g5 37. fxg5 fxg5
38. Ke4 a5 39. Kd4 g6 40. Ke4 a4 41. Kd4 b4 42. axb4 a3 43. Kc3 a2 44. Kb2
a1=Q+ 45. Kxa1 Kxd5 46. Kb2 Kd4 47. Kb3 Kxd3 48. b5 Ke4 49. b6 Kf3 50. b7
Kg3 51. b8=Q+ Kxh3 52. Qc8 { Black resigns } 1-0

[Event "ICC tourney 2315 (120 10)"]
[Site "Internet Chess Club"]
[Date "2021.01.18"]
[Round "6"]
[White "jmwgroff"]
[Black "geowhiz27"]
[Result "1-0"]
[ICCResult "Black forfeits on time"]
[WhiteElo "1894"]
[BlackElo "1667"]
[Opening "QGD: exchange, positional line, 5...c6"]
[ECO "D35"]
[NIC "QO.16"]
[Time "16:17:19"]
[PlyCount "61"]
[TimeControl "7200+10"]

1. d4 Nf6 2. c4 e6 3. Nc3 d5 4. cxd5 exd5 5. Bg5 c6 6. e3 Bd6 7. Bd3 h6 8.
Bh4 O-O 9. Nge2 Nbd7 10. Qc2 Qc7 11. O-O-O b5 12. Rhg1 Bxh2 13. Rh1 Bd6 14.
g4 b4 15. Na4 c5 16. dxc5 Nxc5 17. Nxc5 Qxc5 18. Bxf6 Qxc2+ 19. Kxc2 gxf6
20. Rxh6 Rd8 21. Nd4 Bd7 22. Bf5 Be5 23. Bxd7 Rxd7 24. Nf5 Rc8+ 25. Kb3 a5
26. Rdh1 a4+ 27. Kxa4 Ra7+ 28. Kb3 Rc3+ 29. bxc3 Ra3+ 30. Kxb4 Bd6+ 31. Kb5
{ Black forfeits on time } 1-0